 Dungeon Crawl Stone Soup version 0.14-a0-736-g2a71271 (webtiles) character file.

307 PolkaDot the Skirmisher (level 5, -2/45 HPs)
             Began as a Hill Orc Monk on Nov 7, 2013.
             Slain by a green rat (4 damage)
             ... while paralysed by a potion of paralysis
             ... on Level 3 of the Dungeon.
             The game lasted 00:06:17 (2948 turns).

PolkaDot the Skirmisher (Hill Orc Monk)             Turns: 2948, Time: 00:06:17

HP  -2/45        AC  6     Str 14      XL: 5   Next: 60%
MP   4/4         EV  2     Int 10      God:
Gold 127         SH  0     Dex 14      Spells:  0 memorised,  4 levels left

Res.Fire  : . . .   See Invis. : .   v - +0,+1 orc mace
Res.Cold  : . . .   Warding    : +   w - +0 orc leather armour
Life Prot.: + . .   Conserve   : .   (no shield)
Res.Poison: .       Res.Corr.  : .   (helmet restricted)
Res.Elec. : .       Clarity    : +   j - +2 cloak
Sust.Abil.: . .     Spirit.Shd : .   (no gloves)
Res.Mut.  : .       Stasis     : .   (no boots)
Res.Rott. : .       Flight     : .   c - amulet of warding {unknown}
Saprovore : + . .                    (no ring)
                                     y - +2 ring of intelligence

@: paralysed, slowed, slightly resistant to hostile enchantments, unstealthy
A: horns 1, clarity, saprovore 1, Int -2
a: no special abilities


You were on level 3 of the Dungeon.
You were hungry.

You visited 1 branch of the dungeon, and saw 3 of its levels.

You collected 127 gold pieces.

Inventory:

Hand weapons
 v - a +0,+1 orcish mace (weapon)
Armour
 j - a +2 cloak (worn)
 w - a +0 orcish leather armour (worn)
Comestibles
 a - a rotting chunk of giant newt flesh
 b - 2 meat rations
 n - an apricot
 o - a choko
 p - 11 strawberries
 r - an apple
 s - an orange
 u - a chunk of giant cockroach flesh
 z - a chunk of adder flesh
 A - 4 rotting chunks of orc flesh
 B - 4 rotting chunks of orc flesh
 C - a bread ration
 D - a chunk of bat flesh
 E - a chunk of grey rat flesh
Scrolls
 d - 5 scrolls of remove curse {unknown}
 e - a scroll of curse armour {unknown}
 g - 3 scrolls of identify {unknown}
 h - a scroll of teleportation
 i - 2 scrolls of fear {unknown}
 m - 3 scrolls of curse weapon {unknown}
 q - a scroll of fog {unknown}
Jewellery
 c - an amulet of warding (around neck) {unknown}
 y - a +2 ring of intelligence (left hand)
Potions
 f - a potion of slowing
 k - 2 potions of mutation
 t - a potion of curing {unknown}
 x - a potion of agility {unknown}


   Skills:
 * Level 5.7 Fighting
 + Level 2.6 Armour
 + Level 3.2 Dodging
 - Level 1.5 Stealth
 - Level 4.3 Unarmed Combat


You had 4 spell levels left.
You didn't know any spells.

Dungeon Overview and Level Annotations

Branches:
Dungeon (3/27)

Altars:
Elyvilon

Portals:
Sewer: D:3


Innate Abilities, Weirdness & Mutations

You can tolerate rotten meat.
You have a pair of small horns on your head.
You possess an exceptional clarity of mind.
You are dopey. (Int -2)


Message History

The green rat barely misses you.
You completely miss the green rat.
The green rat is moderately wounded.
The green rat bites you!
* * * LOW HITPOINT WARNING * * *
The green rat misses you.
Drink which item? (? for menu, Esc to quit)
You feel extremely strange.
Your thoughts seem clearer.
A pair of horns grows on your head!
You feel stupid.
It was a potion of mutation.
The green rat bites you but does no damage.
Drink which item? (? for menu, Esc to quit)
You feel yourself slow down.
It was a potion of slowing.
The green rat splashes around in the water.
Drink which item? (? for menu, Esc to quit)
You suddenly lose the ability to move!
It was a potion of paralysis.
The green rat bites you but does no damage.
The green rat bites you.
You die...

######## ### ........
#.. ######## #.# ##
#.# ##. #.# #..
######%### #..
#........###########.#
#.###@##.#..........<.
#≈r≈≈#.#.#########.#
#≈≈≈≈#.#.# #.#
#≈∩≈≈#.#.# #.#
#≈≈≈≈#.#.##### #.# #
#≈≈≈≈#.......#####.#
#.######..............
#........#.###.#.....#
####.#####.# #.#..(...


You could see a green rat.

Vanquished Creatures
  A phantom (D:3)
  3 adders
  A giant mite (D:3)
  A worm (D:2)
  A grey rat (D:3)
  An ooze (D:2)
  3 orcs (D:3)
  8 bats
  6 goblins
  A hobgoblin (D:1)
  2 jackals (D:2)
  3 quokkas
  A ball python (D:3)
  4 giant cockroaches
  2 giant newts (D:3)
  A jackal zombie (D:3)
  6 kobolds
  5 rats
50 creatures vanquished.

Notes
Turn   | Place    | Note
--------------------------------------------------------------
     0 | D:1      | PolkaDot, the Hill Orc Monk, began the quest for the Orb.
     0 | D:1      | Reached XP level 1. HP: 17/17 MP: 0/0
   732 | D:1      | Reached XP level 2. HP: 24/24 MP: 1/1
   898 | D:2      | Reached skill level 1 in Armour
  1078 | D:2      | Reached XP level 3. HP: 22/30 MP: 2/2
  1440 | D:2      | Found a white marble altar of Elyvilon.
  2004 | D:3      | Noticed a phantom
  2027 | D:3      | Killed a phantom
  2027 | D:3      | Reached skill level 5 in Fighting
  2027 | D:3      | Reached XP level 4. HP: 4/38 MP: 3/3
  2027 | D:3      | Reached XP level 5. HP: 4/45 MP: 4/4
  2828 | D:3      | Noticed an ogre
  2887 | D:3      | Found a glowing drain.
  2944 | D:3      | HP: 1/45 [green rat (8)]
  2945 | D:3      | Gained mutation: You possess an exceptional clarity of mind. [potion of mutation]
  2945 | D:3      | Gained mutation: You have a pair of small horns on your head. [potion of mutation]
  2945 | D:3      | Gained mutation: You are dopey. (Int -2) [potion of mutation]
  2947 | D:3      | Paralysed by a potion of paralysis for 2 turns
  2948 | D:3      | Slain by a green rat

Action                   |  1- 3 |  4- 6 || total
-------------------------+-------+-------++-------
Melee: Club              |   152 |       ||   152
       Unarmed           |    11 |       ||    11
       Mace              |    17 |    89 ||   106
  Use: Scroll            |     1 |       ||     1
       Potion            |       |     3 ||     3
 Stab: Sleeping          |     2 |       ||     2
